 Dungeon Crawl Stone Soup version 0.31-a0-879-g1609e0ac53 (webtiles) character file.

Game seed: 13703569833389935992

1098 Darius099 the Cleaver (level 8, -6/64 HPs)
             Began as a Minotaur Fighter on Oct 14, 2023.
             Was a Follower of Okawaru.
             Mangled by Menkaure (12 damage)
             ... on level 6 of the Dungeon.
             The game lasted 00:08:48 (4187 turns).

Darius099 the Cleaver (Minotaur Fighter)            Turns: 4187, Time: 00:08:49

Health: -6/64      AC: 12    Str: 23    XL:     8   Next: 10%
Magic:  7/7        EV:  8    Int:  5    God:    Okawaru [*.....]
Gold:   315        SH:  4    Dex: 10    Spells: 7/7 levels left

rFire   + . .        a - +0 war axe
rCold   . . .        c - +0 buckler
rNeg    . . .        y - +2 chain mail {rF+}
rPois   .            (helmet restricted)
rElec   .            (no cloak)
rCorr   .            q - +0 pair of gloves
SInv    .            (no boots)
Will    .....        (no amulet) Stlth
                     (no ring)
HPRegen 0.30/turn    (no ring)
MPRegen 0.10/turn

%: no passive effects
@: no status effects
A: horns 2, retaliatory headbutt
a: Renounce Religion, Heroism


You were on level 6 of the Dungeon.
You worshipped Okawaru.
Okawaru was aware of your devotion.
You visited 2 branches of the dungeon, and saw 7 of its levels.

You collected 315 gold pieces.

Inventory:

Hand Weapons
 a - a +0 war axe (weapon)
Missiles
 b - a throwing net
Armour
 c - a +0 buckler (worn)
 q - a +0 pair of gloves (worn)
 y - a +2 chain mail of fire resistance (worn)
Jewellery
 A - an amulet of guardian spirit
 D - a ring of magical power
Wands
 r - a wand of iceblast (11)
 u - a wand of polymorph (5)
Scrolls
 e - 2 scrolls of revelation {unknown}
 g - a scroll of teleportation {unknown}
 h - 3 scrolls of enchant armour {unknown}
 i - a scroll of silence {unknown}
 j - a scroll of immolation {unknown}
 k - 2 scrolls of fear {unknown}
 m - 2 scrolls of vulnerability {unknown}
 o - a scroll of poison {unknown}
 p - 3 scrolls of torment {unknown}
 s - 2 scrolls of fog {unknown}
 t - 2 scrolls of identify {unknown}
 x - a scroll of blinking {unknown}
Potions
 d - 3 potions of might
 f - a potion of haste {unknown}
 l - 2 potions of attraction {unknown}
 n - 2 potions of ambrosia {unknown}
 v - a potion of degeneration {unknown}
 w - a potion of curing {unknown}
 z - 2 potions of resistance {unknown}
 B - a potion of invisibility {unknown}
 C - 2 potions of brilliance {unknown}


   Skills:
 - Level 3.6 Fighting
 + Level 11.6 Axes
 - Level 3.6 Armour
 - Level 3.6 Shields


You had 7 spell levels left.
You didn't know any spells.
Your spell library contained the following spells:

 Spells                   Type           Power      Damage    Failure   Level
 Blink                    Tloc           0%         N/A       99%         2
 Manifold Assault         Tloc           0%         N/A       100%        4
 Passage of Golubria      Tloc           0%         N/A       100%        4
 Summon Lightning Spire   Summ/Air       Unusable   N/A       N/A         4
 Summon Cactus Giant      Summ           Unusable   N/A       N/A         6

Dungeon Overview and Level Annotations

Branches:
Dungeon (6/15)             Temple (1/1) D:5

Altars:
Ashenzari
Cheibriados
Dithmenos
Elyvilon
Fedhas
Gozag
Hepliaklqana
Kikubaaqudgha
Makhleb
Nemelex Xobeh
Okawaru
Qazlal
Ru
Trog
Uskayaw
Vehumet
Xom
Yredelemnul
Zin
The Shining One

Annotations:
D:6 Menkaure


Innate Abilities, Weirdness & Mutations

You have a pair of horns on your head.
You reflexively headbutt those who attack you in melee.


Message History

Found a mace and a sling.
You see here 3 boomerangs.
There is an open door here.
Items here: ))) †.
Things that are here:
a +0 dagger; a goblin corpse
There is an open door here.
There is an open door here.
D - a ring of magical power Done exploring.
There is a stone staircase leading down here.
You climb downwards.
There is a stone staircase leading up here.
You open the door.
Found a mace.
There is an open door here.
Found a stone staircase leading down.
You see here a scarf of harm.
There is a stone staircase leading down here.
Menkaure, Prince of Dust comes into view.
Menkaure shouts!
Menkaure calls on the powers of darkness!
Your body is wracked with pain!
Menkaure hits you!
You slash Menkaure!
Menkaure is moderately damaged.
Menkaure hits you!!
* * * LOW HITPOINT WARNING * * *
You slash Menkaure!
Menkaure is almost destroyed.
Menkaure barely misses you.
You barely miss Menkaure.
Menkaure is almost destroyed.
You completely miss Menkaure.
Menkaure is almost destroyed.
Menkaure hits you but does no damage.
You hit Menkaure but do no damage. Your headbutt misses Menkaure.
Menkaure is almost destroyed.
Menkaure hits you!
You die...

.... #..# ..# ### #.##
#.. #..# #.#
#########..###.#
#............#.#
#......M..##...#####.#
#......@..###......#.#
#.........# #........#
#.........# #.>....###
###...###.# #.[....#
#... #.# #......# #...
#.# #......# #.. .#
#......### #..
#........# #......#.#


You could see Menkaure.

Vanquished Creatures
  A sky beast (D:4)
  A black bear (D:5)
  An orc warrior (D:5)
  A centaur (D:5)
  An ogre (D:5)
  2 phantoms
  A scorpion (D:5)
  A crimson imp (D:4)
  A hound (D:5)
  2 orc priests (D:5)
  An iguana (D:4)
  2 orc wizards
  8 adders
  4 gnolls (D:5)
  2 worms
  23 orcs
  4 ball pythons
  6 bats
  10 endoplasms
  2 giant cockroaches
  5 hobgoblins
  3 quokkas
  A frilled lizard (D:1)
  17 goblins
  A goblin skeleton (D:4)
  2 goblin zombies (D:4)
  2 hobgoblin zombies (D:4)
  11 kobolds
  An orc skeleton (D:4)
  An orc zombie (D:4)
  6 rats
124 creatures vanquished.

Notes
Turn   | Place    | Note
-------+----------+-------------------------------------------
     0 | D:1      | Darius099 the Minotaur Fighter began the quest for the Orb.
     0 | D:1      | Reached XP level 1. HP: 19/19 MP: 0/0
    93 | D:1      | Reached skill level 3 in Axes
   141 | D:1      | Reached XP level 2. HP: 26/26 MP: 1/1
   368 | D:1      | Reached skill level 4 in Axes
   810 | D:2      | Reached XP level 3. HP: 31/31 MP: 2/2
  1212 | D:2      | Reached skill level 5 in Axes
  1392 | D:3      | Reached XP level 4. HP: 35/39 MP: 3/3
  1408 | D:3      | Got a glistering book
  1570 | D:3      | Reached skill level 6 in Axes
  1644 | D:3      | Reached XP level 5. HP: 15/45 MP: 4/4
  2143 | D:4      | Found a stormy altar of Qazlal.
  2143 | D:4      | Noticed a sky beast
  2163 | D:4      | Killed a sky beast
  2164 | D:4      | Reached skill level 7 in Axes
  2250 | D:4      | Found a glowing golden altar of the Shining One.
  2264 | D:4      | Reached XP level 6. HP: 39/51 MP: 5/5
  2268 | D:4      | Reached skill level 8 in Axes
  2599 | D:4      | Found a blossoming altar of Fedhas.
  2814 | D:5      | Entered Level 5 of the Dungeon
  2822 | D:5      | Reached skill level 9 in Axes
  2905 | D:5      | Found a staircase to the Ecumenical Temple.
  2917 | Temple   | Entered the Ecumenical Temple
  2989 | D:5      | Reached XP level 7. HP: 38/57 MP: 6/6
  3191 | D:5      | Found an iron altar of Okawaru.
  3201 | D:5      | Became a worshipper of Warmaster Okawaru
  3233 | D:5      | Reached skill level 10 in Axes
  3436 | D:5      | Found a radiant altar of Vehumet.
  3436 | D:5      | Found an opulent altar of Gozag.
  3459 | D:5      | Reached skill level 11 in Axes
  3655 | D:5      | Reached * piety under Okawaru
  3688 | D:5      | Reached XP level 8. HP: 64/64 MP: 7/7
  4178 | D:6      | Noticed Menkaure
  4187 | D:6      | Mangled by Menkaure

Illustrated notes

Levels and vault maps discovered:
D:1:      dpeg_arrival_shelter, layout_basic, grunt_decor_one_mirror,
          minmay_tromino_v4_c
D:2:      layout_basic
D:3:      layout_rooms
D:4:      layout_rooms, nicolae_qazlal_beasts_of_the_sky, kennysheep_little_box,
          nicolae_tso_besieged_by_evil, dk_noncrumbling_2
D:5:      corexii_shantytown, layout_basic, okawaru_gym_becter,
          gammafunk_temple_overflow_elements, minmay_temple_entry_hall
D:6:      layout_basic, nicolae_tricolors, uniq_menkaure
Temple:   dpeg_chambers_temple

Skill      XL: |  1  2  3  4  5  6  7 |
---------------+----------------------+-----
Axes           | 3 4 5 6 7 9 11 | 11.6
Fighting       | |  3.6
Armour         | |  3.6
Shields        | |  3.6

Action                     |  1- 3 |  4- 6 |  7- 9 || total
---------------------------+-------+-------+-------++-------
  Melee: War axe           |    76 |   106 |    93 ||   275
         Headbutt          |    11 |    21 |    13 ||    45
 Armour: Scale mail        |    44 |    78 |    46 ||   168
         Chain mail        |       |       |    19 ||    19
         Plate armour      |       |       |     8 ||     8
  Dodge: Dodged            |    29 |    36 |    28 ||    93
  Block: Buckler           |    11 |    20 |    17 ||    48

Table legend: (Time is in decaauts)
 A = Elapsed time spent in this place.
 B = Non-inter-level travel time spent in this place.
 C = Inter-level travel time spent in this place.
 D = Time resting spent in this place.
 E = Time spent auto-exploring this place.
 F = Levels seen in this place.
 G = Mean time per level.
                   A        B        C        D        E       F      G
               +--------+--------+--------+--------+--------+-----+--------+
         Total |   4229 |   4108 |    121 |    561 |   2487 |   7 |  604.1 |
       Dungeon |   4186 |   4085 |    101 |    561 |   2487 |   6 |  697.7 |
        Temple |     42 |     22 |     20 |      0 |      0 |   1 |   42.0 |
               +--------+--------+--------+--------+--------+-----+--------+

Top non-repeatable levels by time:
     D:5: 1282 daAuts
     D:1: 809 daAuts
     D:3: 777 daAuts
     D:4: 696 daAuts
     D:2: 572 daAuts
     D:6: 47 daAuts
  Temple: 42 daAuts
